 Dungeon Crawl Stone Soup version 0.24-a0-170-gd8427f5 (webtiles) character file.

Game seed: 11176253076945865472

60 Azzok the Insei (level 4, 0/34 HPs)
             Began as a Gnoll Transmuter on Mar 9, 2019.
             Slain by a crimson imp (1 damage)
             ... summoned by Natasha
             ... on level 2 of the Dungeon.
             The game lasted 00:01:18 (1029 turns).

Azzok the Insei (Gnoll Transmuter)                  Turns: 1029, Time: 00:01:18

Health: 0/34       AC:  3    Str: 13    XL:     4   Next: 4%
Magic:  11/11      EV: 15    Int: 15    God:
Gold:   60         SH:  0    Dex: 16    Spells: 12/13 levels left

rFire    . . .     SeeInvis .   f - +1 short sword (speed)
rCold    . . .     Gourm    .   (no shield)
rNeg     . . .     Faith    .   b - +0 robe
rPois    .         Spirit   .   (no helmet)
rElec    .         Reflect  .   g - +0 cloak
rCorr    .         Harm     .   (no gloves)
MR       .....                  (no boots)
Stlth    ++........             (no amulet)
HPRegen  0.11/turn              (no ring)
MPRegen  0.12/turn              (no ring)

@: slowed, very slow
A: distributed training, fangs 1, strong nose
a: no special abilities


You were on level 2 of the Dungeon.
You were hungry.

You visited 1 branch of the dungeon, and saw 2 of its levels.

You collected 60 gold pieces.

Inventory:

Hand Weapons
 f - a +1 short sword of speed (weapon)
Missiles
 a - 55 arrows
Armour
 b - a +0 robe (worn)
 g - a +0 cloak (worn)
Potions
 e - a potion of heal wounds {unknown}
 h - a potion of haste {unknown}
 i - a potion of lignification {unknown}
 j - a potion of agility {unknown}
Comestibles
 d - 3 rations


   Skills:
 + Level 2.7 Fighting
 + Level 1.0 Short Blades
 + Level 1.0 Long Blades
 + Level 1.0 Axes
 + Level 1.0 Maces & Flails
 + Level 1.0 Polearms
 + Level 1.0 Staves
 + Level 1.0 Slings
 + Level 1.0 Bows
 + Level 1.0 Crossbows
 + Level 1.0 Throwing
 + Level 1.0 Armour
 + Level 4.6 Dodging
 + Level 1.0 Stealth
 + Level 1.0 Shields
 + Level 6.5 Unarmed Combat
 + Level 5.0 Spellcasting
 + Level 0.7 Conjurations
 + Level 0.7 Hexes
 + Level 0.7 Charms
 + Level 0.7 Summonings
 + Level 0.7 Necromancy
 + Level 0.7 Translocations
 + Level 3.8 Transmutations
 + Level 0.7 Fire Magic
 + Level 0.7 Ice Magic
 + Level 0.7 Air Magic
 + Level 0.7 Earth Magic
 + Level 0.7 Poison Magic
 + Level 1.1 Invocations
 + Level 1.0 Evocations


You had 12 spell levels left.
You knew the following spells:

 Your Spells              Type           Power        Failure   Level  Hunger
a - Beastly Appendage     Tmut           ###...       3%          1    None

Your spell library contained the following spells:

 Spells                   Type           Power        Failure   Level  Hunger
 Sticks to Snakes         Tmut           ###.....     4%          2    ##.....
 Spider Form              Tmut/Pois      ##........   19%         3    ###....
 Ice Form                 Ice/Tmut       ##......     54%         4    ####...
 Blade Hands              Tmut           ###.......   67%         5    ######.


Dungeon Overview and Level Annotations

Branches:
Dungeon (2/15)

Altars:

Annotations:
D:2 Natasha


Innate Abilities, Weirdness & Mutations

Your experience applies equally to all skills.
You have very sharp teeth.
Your uncanny sense of smell can sniff out nearby items.


Message History

You closely miss Natasha.
Natasha is lightly wounded.
Natasha wildly gestures.
You feel disoriented. Natasha barely misses you.
The crimson imp barely misses you.
You hit Natasha.
Natasha is moderately wounded.
Natasha casts a spell at you. You resist with some effort.
The crimson imp closely misses you.
You hit Natasha but do no damage. You bite Natasha, but do no damage.
Natasha is moderately wounded.
Natasha stares at you and mumbles some strange words.
The magic dart hits you!
* * * LOW HITPOINT WARNING * * *
The crimson imp closely misses you.
You are feeling hungry.
You hit Natasha.
Natasha is severely wounded.
Natasha misses you. The crimson imp hits you.
You die...

▒·÷·····▒
▒▒·▒▒▒▒·▒▒▒▒▒·▒
········▒ ▒··
▒▒·▒▒▒··▒▒▒▒▒▒▒
···)···········
▒▒·▒·▒··▒▒▒▒▒▒▒ ∆
▒▒▒▒▒·▒▒▒··▒▒▒▒···
▒5······▒·········
▒▒▒▒▒▒@▒▒▒·▒·▒···▒▒▒·▒▒
·······h······▒·······▒
▒▒▒▒▒▒▒·▒▒▒·▒▒▒····▒▒▒▒
▒▒▒············▒
········▒▒▒▒···▒▒▒▒
····················
▒▒▒▒▒▒▒▒▒▒▒▒·▒······
▒▒▒▒▒▒▒▒▒


You could see Natasha and a crimson imp.

Vanquished Creatures
  Natasha (D:2)
  An adder (D:2)
  A dart slug (D:1)
  A leopard gecko (D:1)
  2 giant cockroaches (D:1)
  A goblin (D:1)
  2 hobgoblins (D:1)
  4 bats (D:1)
  4 frilled lizards (D:1)
  3 kobolds (D:1)
  8 rats (D:1)
28 creatures vanquished.

Notes
Turn   | Place    | Note
-------+----------+-------------------------------------------
     0 | D:1      | Azzok the Gnoll Transmuter began the quest for the Orb.
     0 | D:1      | Reached XP level 1. HP: 17/17 MP: 6/6
   141 | D:1      | Reached XP level 2. HP: 20/23 MP: 7/7
   587 | D:1      | Reached XP level 3. HP: 26/28 MP: 9/9
   801 | D:2      | Reached skill level 5 in Spellcasting
   835 | D:2      | Noticed Natasha
   849 | D:2      | Killed Natasha
   849 | D:2      | Reached skill level 1 in Short Blades
   849 | D:2      | Reached skill level 1 in Long Blades
   849 | D:2      | Reached skill level 1 in Axes
   849 | D:2      | Reached skill level 1 in Maces & Flails
   849 | D:2      | Reached skill level 1 in Polearms
   849 | D:2      | Reached skill level 1 in Staves
   849 | D:2      | Reached skill level 1 in Slings
   849 | D:2      | Reached skill level 1 in Bows
   849 | D:2      | Reached skill level 1 in Crossbows
   849 | D:2      | Reached skill level 1 in Throwing
   849 | D:2      | Reached skill level 1 in Armour
   849 | D:2      | Reached skill level 1 in Stealth
   849 | D:2      | Reached skill level 1 in Shields
   849 | D:2      | Reached skill level 1 in Invocations
   849 | D:2      | Reached skill level 1 in Evocations
   849 | D:2      | Reached XP level 4. HP: 9/34 MP: 11/11
  1014 | D:2      | Noticed Natasha
  1028 | D:2      | HP: 1/34 [Natasha/magic dart (11)]
  1029 | D:2      | Slain by a crimson imp

Levels and vault maps discovered:
D:1:      dpeg_arrival_ratfight, layout_rooms
D:2:      layout_basic, first_ration, minmay_worlds_worst_comb, uniq_natasha

Skill      XL: |  1  2  3 |
---------------+----------+-----
Spellcasting   | 5 |  5.0
Short Blades   | 1 |  1.0
Long Blades    | 1 |  1.0
Axes           | 1 |  1.0
Maces & Flails | 1 |  1.0
Polearms       | 1 |  1.0
Staves         | 1 |  1.0
Slings         | 1 |  1.0
Bows           | 1 |  1.0
Crossbows      | 1 |  1.0
Throwing       | 1 |  1.0
Armour         | 1 |  1.0
Stealth        | 1 |  1.0
Shields        | 1 |  1.0
Invocations    | 1 |  1.1
Evocations     | 1 |  1.0
Fighting       | |  2.7
Dodging        | |  4.6
Unarmed Combat | |  6.5
Conjurations   | |  0.7
Hexes          | |  0.7
Charms         | |  0.7
Summonings     | |  0.7
Necromancy     | |  0.7
Translocations | |  0.7
Transmutations | |  3.8
Fire Magic     | |  0.7
Ice Magic      | |  0.7
Air Magic      | |  0.7
Earth Magic    | |  0.7
Poison Magic   | |  0.7

Action                   |  1- 3 |  4- 6 || total
-------------------------+-------+-------++-------
Melee: Unarmed           |    16 |       ||    16
       Short sword       |    90 |    13 ||   103
       Bite              |    10 |     1 ||    11
Armor: Robe              |    17 |     1 ||    18
Dodge: Dodged            |    65 |     8 ||    73

Table legend:
 A = Non-vault XP
 B = Vault XP
 C = Vault XP percentage of total XP
 D = Non-vault monster count
 E = Vault monster count
 F = Vault count percentage of total count
                 A         B        C        D         E       F
            +---------+---------+-------+---------+---------+-------
      Total |      45 |      41 |  47.7 |      22 |       6 |  21.4
            +---------+---------+-------+---------+---------+-------
        D:1 |      31 |       5 |  13.9 |      21 |       5 |  19.2
        D:2 |      14 |      36 |  72.0 |       1 |       1 |  50.0
            +---------+---------+-------+---------+---------+-------
